 Dungeon Crawl Stone Soup version 0.31-a0-1227-g0136665373 (webtiles) character file.

Game seed: 16917419104934631494

81790 Drazool the Eclecticist (level 16, -2/118 HPs)
             Began as a Djinni Fire Elementalist on Dec 13, 2023.
             Was the Champion of Ashenzari.
             Killed by an exploding ball lightning (43 damage)
             ... on level 14 of the Dungeon on Dec 14, 2023.
             The game lasted 01:28:55 (19123 turns).

Drazool the Eclecticist (Djinni Fire Elementalist) Turns: 19123, Time: 01:28:56

Health: -2/118     AC: 20    Str:  7    XL:     16   Next: 19%
Gold:   1704       EV:  9    Int: 33    God:    Ashenzari [******] SH: 15 Dex: 18

rFire   + + .        x - +8 mace of the Visionary Planets {flame, Will+ Int+4 Dex+2, Range, Fort} (curse)
rCold   . . .        p - +0 kite shield of the Bound Augur {Dev, Bglg} (curse)
rNeg    . . .        e - +4 scale mail of Supernal Knowledge {rC+, Alch, Comp} (curse)
rPois   ∞            i - +0 helmet "Tethered Hedonism" {Comp, Melee} (curse)
rElec   .            U - +0 cloak of Toth-Mos's Legacy {Melee, Fort} (curse)
rCorr   +            L - +2 pair of gloves "Shackled With Me" {Stlth+, Fort, Alch} (curse)
SInv    +            (boots unavailable)
Will    +++..        y - amulet "Share My Augurer" {Regen+, Fort, Bglg} (curse)
Stlth   ++           Y - ring of Ashenzari's Ordeal {Slay+4, Elem, Range} (curse)
HPRegen 1.19/turn    m - ring of Ashenzari's Moon {Will+ rCorr Int+6, Fort, Melee} (curse)
MPRegen 0.00/turn

%: clarity, infuse magic (-3 HP)
@: flying
A: sickness immunity, fire resistance 2, cold vulnerability 1, float, innate
caster, HP casting, extra vitality 1
a: Renounce Religion, Shatter the Chains


You were on level 14 of the Dungeon.
You worshipped Ashenzari.
Ashenzari was exalted by your worship.
You visited 4 branches of the dungeon, and saw 22 of its levels.
You visited 1 bazaar.
You also visited: Ossuary, Gauntlet and Volcano.

You collected 3762 gold pieces.
You spent 2058 gold pieces at shops.


Innate Abilities, Weirdness & Mutations

You are immune to sickness and miasma.
You are immune to poison.
Your flesh is very heat resistant. (rF++)
You are vulnerable to cold. (rC-)
You float through the air rather than walking.
You learn spells naturally, not from books.
Your magical power is your life essence.
You have superior vitality. (+4 MHP)


   Skills:
 - Level 12.0 Fighting
 - Level 6.3(12.6) Armour
 - Level 6.1 Dodging
 - Level 1.5 Stealth
 - Level 11.6(18.2) Shields
 + Level 15.8 Spellcasting
 + Level 15.8(19.2) Conjurations
 + Level 15.8(19.2) Hexes
   Level 0.0 Charms
 + Level 15.8(19.2) Summonings
 + Level 15.8(19.2) Necromancy
 + Level 15.8(19.2) Translocations
 + Level 15.8(19.2) Transmutations
 + Level 15.8(18.1) Fire Magic
 + Level 15.8(18.1) Ice Magic
 + Level 15.8(18.1) Air Magic
 + Level 15.8(18.1) Earth Magic
 + Level 15.8(19.2) Poison Magic


You knew the following spells:

 Your Spells              Type           Power      Damage    Failure   Level
a - Momentum Strike       Conj/Tloc      100%       3d10      0%          2
b - Conjure Ball Lightni  Conj/Air       49%        3x3d17    1%          6
c - Confusing Touch       Hex            100%       N/A       1%          3
e - Ensorcelled Hibernat  Hex/Ice        100%       N/A       0%          2
f - Foxfire               Conj/Fire      100%       2x1d9     0%          1
i - Iskenderun's Battles  Conj           100%       2d15      1%          5
r - Inner Flame           Hex/Fire       99%        N/A       1%          3
y - Agony                 Necr           100%       N/A       1%          5
z - Summon Small Mammal   Summ           100%       N/A       0%          1
X - Scorch                Fire           100%       2d9       1%          2
Y - Volatile Blastmotes   Fire/Tloc      100%       2d18      1%          3
Z - Flame Wave            Conj/Fire      99%        2d21      1%          4
Your spell library was empty.

Inventory:

Hand Weapons
 o - the +9 staff of Olgreb {rPois∞}
   (You found it on level 7 of the Dungeon)

   Radiate:   It can be activated via the 'a'bility menu to radiate toxic
   energy, with effectiveness depending on Evocations skill.
   Pois:      It enhances your poison magic.
   rPois∞: It grants immunity to poison.
 x - the cursed +8 mace of the Visionary Planets (weapon) {flame, Will+ Int+4 Dex+2, Range, Fort}
   (You found it on level 4 of the Dungeon)

   Int+4:     It affects your intelligence (+4).
   Dex+2:     It affects your dexterity (+2).
   Will+:     It increases your willpower.
   It has a curse which improves the following skills: Ranged Combat: Ranged
   Weapons and Throwing.
   Fortitude: Armour and Shields.
Missiles
 M - 4 silver javelins
Armour
 e - the cursed +4 scale mail of Supernal Knowledge (worn) {rC+, Alch, Comp}
   (You bought it in a shop on level 2 of the Orcish Mines)

   It has a curse which improves the following skills: Alchemy: Poison Magic and
   Transmutations.
   Companions: Summonings and Necromancy.
 i - the cursed +0 helmet "Tethered Hedonism" (worn) {Comp, Melee}
   (You found it on level 1 of the Dungeon)

   It has a curse which improves the following skills: Companions: Summonings
   and Necromancy.
   Melee Combat: Short Blades, Long Blades, Axes, Maces & Flails, Polearms,
   Staves and Unarmed Combat.
 p - the cursed +0 kite shield of the Bound Augur (worn) {Dev, Bglg}
   (You found it on level 3 of the Dungeon)

   It has a curse which improves the following skills: Devices: Evocations and
   Shapeshifting.
   Beguiling: Conjurations, Hexes and Translocations.
 B - the +0 cloak "Osabifu" {Str+6}
   (You bought it in a shop in a bazaar)

   Str+6:     It affects your strength (+6).
 E - a scarf of resistance
 L - the cursed +2 pair of gloves "Shackled With Me" (worn) {Stlth+, Fort, Alch}
   (You found it in a Gauntlet)

   It has a curse which improves the following skills: Fortitude: Armour and
   Shields.
   Alchemy:   Poison Magic and Transmutations.
 U - the cursed +0 cloak of Toth-Mos's Legacy (worn) {Melee, Fort}
   (You found it on level 4 of the Lair of Beasts)

   It has a curse which improves the following skills: Melee Combat: Short
   Blades, Long Blades, Axes, Maces & Flails, Polearms, Staves and Unarmed
   Combat.
   Fortitude: Armour and Shields.
Magical Staves
 v - a staff of conjuration {!a}
Jewellery
 m - the cursed ring of Ashenzari's Moon (right hand) {Will+ rCorr Int+6, Fort, Melee}
   (You took it off a minotaur in a Gauntlet)

   [ring of intelligence]

   Int+6:     It affects your intelligence (+6).
   Will+:     It increases your willpower.
   rCorr:     It protects you from acid and corrosion.
   It has a curse which improves the following skills: Fortitude: Armour and
   Shields.
   Melee Combat: Short Blades, Long Blades, Axes, Maces & Flails, Polearms,
   Staves and Unarmed Combat.
 y - the cursed amulet "Share My Augurer" (around neck) {Regen+, Fort, Bglg}
   (You found it on level 4 of the Dungeon)

   [amulet of regeneration]

   Regen+:    It increases your rate of health regeneration.
   It has a curse which improves the following skills: Fortitude: Armour and
   Shields.
   Beguiling: Conjurations, Hexes and Translocations.
 S - a +6 ring of strength
 T - a +4 ring of protection
 Y - the cursed ring of Ashenzari's Ordeal (left hand) {Slay+4, Elem, Range}
   (You found it in an ossuary)

   [ring of slaying]

   Slay+4:    It affects your accuracy & damage with ranged weapons and melee
   (+4).
   It has a curse which improves the following skills: Elements: Fire Magic, Ice
   Magic, Air Magic and Earth Magic.
   Ranged Combat: Ranged Weapons and Throwing.
Wands
 a - a wand of iceblast (27)
 r - a wand of flame (60)
 D - a wand of mindburst (19)
 G - a wand of paralysis (15)
 O - a wand of digging (15)
Scrolls
 b - 5 scrolls of enchant weapon
 c - 3 scrolls of immolation
 f - a scroll of enchant armour
 j - 2 scrolls of brand weapon
 n - 5 scrolls of fog
 q - 14 scrolls of teleportation {@r2}
 t - 4 scrolls of revelation
 A - 6 scrolls of poison
 R - 3 scrolls of fear
 X - 3 scrolls of vulnerability
 Z - 3 scrolls of summoning
Potions
 d - 4 potions of lignification
 g - 3 potions of attraction
 h - 3 potions of invisibility
 k - a potion of resistance
 l - 10 potions of curing {@q1}
 s - 6 potions of heal wounds {@q2}
 u - 3 potions of might
 w - 2 potions of mutation
 z - 5 potions of cancellation
 C - a potion of berserk rage {!q}
 H - 3 potions of enlightenment
 I - 4 potions of brilliance
 Q - 2 potions of haste {@q3}
 V - 3 potions of ambrosia
Miscellaneous
 N - a sack of spiders
 P - a phantom mirror

Dungeon Overview and Level Annotations

Branches:
Dungeon (14/15)            Temple (1/1) D:5            Lair (5/5) D:10
 Shoals (0/4) Lair:2        Snake (0/4) Lair:3        Slime (0/5) Lair:4
    Orc (2/2) D:9             Elf (0/3) Orc:2        Vaults (0/5) D:13
Ossuary (visited)         Volcano (visited)         Gauntlet (visited)

Altars:
Ashenzari
Cheibriados
Dithmenos
Elyvilon
Fedhas
Gozag
Hepliaklqana
Makhleb
Nemelex Xobeh
Okawaru
Qazlal
Ru
Trog
Uskayaw
Wu Jian
Xom
Yredelemnul
Zin
The Shining One
Jiyva

Shops:
D:3 :   Orc:2 =*=[:

Annotations:
D:7 1 runed translucent door
D:9 2 transporters, Fleche's ghost, journeyman TrFi
D:10 exclusion: orange crystal statue
D:14 Rupert
Lair:4 2 transporters, Uhiteomo's ghost, journeyman MiCA

,,,*,* #...#.# #..#
,*,*,* #...#.###..#
,*,*,* #..R#..##..#
,,,,,* #...##..#..#
*#.######)RR###>...#
,......().(.# #.##.#
*#.#######.####.##.#
**,* #....§§.#.##.#
,,,*
#.@.....#.##.######
****
#.......#.#........
#.......#.#########
#.......#.#
####.####.# #.# *,*
#.# *,********* #.#
*,,,,,,,,,,
#.##########****


You could see a rakshasa.


Message History

You hear a horrible gurgling sound! x2
Casting: Volatile Blastmotes (safe; 1% risk of failure)
Confirm with . or Enter, or press ? or * to list all spells.
A cloud of volatile blastmotes flares up around you!
You start waiting.
You sense a monster nearby.
A rakshasa comes into view. It is wielding a +0 long sword.
Unknown command.
Casting: Volatile Blastmotes (safe; 1% risk of failure)
Confirm with . or Enter, or press ? or * to list all spells.
You create some ball lightning! 3 ball lightnings come into view.
The rakshasa blinks!
Your ball lightning explodes!
The blast of lightning engulfs your ball lightning.
The blast of lightning engulfs the rakshasa!!
The rakshasa is heavily wounded.
The blast of lightning engulfs you!!
The blast of lightning engulfs your ball lightning.
Your ball lightning explodes!
The blast of lightning engulfs the rakshasa!!
The rakshasa is severely wounded.
The blast of lightning engulfs you!!!
* * * LOW HITPOINT WARNING * * *
The blast of lightning engulfs your ball lightning.
The injured rakshasa weaves a defensive illusion!
You hear a horrible gurgling sound! x2
Your ball lightning explodes!
The blast of lightning engulfs you!!!
You die...

Skill      XL: |  1  2  3  4  5  6  7  8  9 10 11 12 13 14 15 |
---------------+----------------------------------------------+-----
Spellcasting   | 4 5 7 8 10 11 13 15 | 15.8
Conjurations   | 4 5 7 8 10 11 13 15 | 15.8
Hexes          | 4 5 7 8 10 11 13 15 | 15.8
Summonings     | 4 5 7 8 10 11 13 15 | 15.8
Necromancy     | 4 5 7 8 10 11 13 15 | 15.8
Translocations | 4 5 7 8 10 11 13 15 | 15.8
Transmutations | 4 5 7 8 10 11 13 15 | 15.8
Fire Magic     | 4 5 7 8 10 11 13 15 | 15.8
Ice Magic      | 4 5 7 8 10 11 13 15 | 15.8
Air Magic      | 4 5 7 8 10 11 13 15 | 15.8
Earth Magic    | 4 5 7 8 10 11 13 15 | 15.8
Poison Magic   | 4 5 7 8 10 11 13 15 | 15.8
Fighting       | 2 4 5 7 12 | 12.0
Armour         | 2 4 5 6 |  6.3
Dodging        | 5 6 |  6.1
Shields        | 4 10 11 | 11.6
Stealth        | |  1.5

Action                     |  1- 3 |  4- 6 |  7- 9 | 10-12 | 13-15 | 16-18 || total
---------------------------+-------+-------+-------+-------+-------+-------++-------
  Melee: Mace              |       |       |       |     1 |     1 |     1 ||     3
   Cast: Foxfire           |    54 |   113 |   171 |   209 |   319 |     2 ||   868
         Scorch            |     3 |     8 |    71 |    39 |    56 |     5 ||   182
         Summon Small Mamm |       |     1 |       |       |       |       ||     1
         Flame Wave        |       |       |     2 |    62 |    80 |     4 ||   148
         Iskenderun's Batt |       |       |       |    20 |    42 |     2 ||    64
         Volatile Blastmot |       |       |       |       |     7 |     3 ||    10
         Conjure Ball Ligh |       |       |       |       |    79 |     7 ||    86
 Invoke: Curse Item        |       |       |     2 |     6 |     3 |       ||    11
         Shatter the Chain |       |       |       |       |     2 |       ||     2
    Use: Scroll            |       |       |     1 |     2 |       |       ||     3
         Potion            |       |       |       |     2 |     2 |       ||     4
 Armour: Robe              |     1 |     6 |       |       |       |       ||     7
         Ring mail         |       |     7 |    45 |       |       |       ||    52
         Leather armour    |       |       |     1 |    89 |   100 |       ||   190
         Scale mail        |       |       |       |       |    49 |    38 ||    87
  Dodge: Dodged            |     2 |     8 |    31 |    85 |    70 |     5 ||   201
  Block: Kite shield       |       |       |       |    53 |   111 |    25 ||   189

Levels and vault maps discovered:
D:1:      mrwooster_arrival_statue_2, layout_basic, moated_statue,
          minmay_misc_feat_x
D:2:      layout_basic, shapermc_ecumenical_altar_acropolis, uniq_robin
D:3:      layout_rooms, mainiacjoe_overflow_alcove_2, chequers_mini_garden,
          dk_noncrumbling_4, nicolae_shop_vocational, uniq_natasha
D:4:      layout_loops_corners
D:5:      layout_cave_pools, minmay_temple_entry_grid, lemuel_flame_loot_1,
          uniq_sigmund
D:6:      layout_basic, mainiacjoe_overflow_divided_tiny,
          nicolae_ossuary_entry_ruins, uniq_grinder
D:7:      layout_basic, nicolae_overflow_crystal_walls, st_stairs_11,
          hangedman_decor_push, minmay_guarded_unrand_staff_of_olgreb,
          uniq_jeremiah
D:8:      nicolae_cairo_tiling_very_big, layout_basic, uniq_joseph
D:9:      layout_loops_ring, old_standard_altar, hiddenorc1_lemuel,
          gammafunk_ghost_arena
D:10:     layout_long_grid, nicolae_overflow_two_pavilions, lair_entry_dummy,
          minivault_16
D:11:     layout_basic, gauntlet_entry_generic
D:12:     layout_long_grid
D:13:     layout_stronghold, erik_vaults_1, serial_shops, bzr_entry_safe,
          nicolae_yredelemnul_corpse_copse, uniq_frances
D:14:     layout_basic, uniq_rupert
Temple:   nicolae_temple_no_exploring_needed
Lair:1:   layout_loops_ring
Lair:2:   layout_regular_city, elwin_shoals_entry_rocks,
          infiniplex_staircase_pool
Lair:3:   layout_regular_city, minmay_snake_entry_guardpost_medium
Lair:4:   layout_regular_city, slime_entry_1, gammafunk_ghost_arena,
          grunt_megastairs_3
Lair:5:   wormcave, layout_cave_pods, hangedman_lair_tendril_chambers,
          lemuel_fruit_tree
Orc:1:    layout_caves, nicolae_orc_pool_cavern
Orc:2:    grunt_orc_tribal_feast, layout_diamond_mine, basic_altar,
          serial_shops, nicolae_shop_tiny_real_fake_doors,
          nicolae_volcano_entry_s_turn, einodemon_armed_red_devil_minivault

Notes
Turn   | Place    | Note
-------+----------+-------------------------------------------
     0 | D:1      | Reached skill level 3 in Spellcasting
     0 | D:1      | Reached skill level 3 in Conjurations
     0 | D:1      | Reached skill level 3 in Hexes
     0 | D:1      | Reached skill level 3 in Summonings
     0 | D:1      | Reached skill level 3 in Necromancy
     0 | D:1      | Reached skill level 3 in Translocations
     0 | D:1      | Reached skill level 3 in Transmutations
     0 | D:1      | Reached skill level 3 in Fire Magic
     0 | D:1      | Reached skill level 3 in Ice Magic
     0 | D:1      | Reached skill level 3 in Air Magic
     0 | D:1      | Reached skill level 3 in Earth Magic
     0 | D:1      | Reached skill level 3 in Poison Magic
     0 | D:1      | Drazool the Djinni Fire Elementalist began the quest for
                  | the Orb.
     0 | D:1      | Drazool set off with the following spells memorised:
                  | Foxfire, Scorch, Volatile Blastmotes, Inner Flame, Flame
                  | Wave.
     0 | D:1      | Reached XP level 1. HP: 15/15 MP: 0/0
    72 | D:1      | Reached XP level 2. HP: 19/21 MP: 0/0
   397 | D:1      | Reached XP level 3. HP: 22/25 MP: 0/0
   397 | D:1      | Learned a level 1 spell: Summon Small Mammal
   929 | D:2      | Noticed Robin
   933 | D:2      | Reached XP level 4. HP: 26/31 MP: 0/0
   935 | D:2      | Reached skill level 4 in Spellcasting
   935 | D:2      | Reached skill level 4 in Conjurations
   935 | D:2      | Reached skill level 4 in Hexes
   935 | D:2      | Reached skill level 4 in Summonings
   935 | D:2      | Reached skill level 4 in Necromancy
   935 | D:2      | Reached skill level 4 in Translocations
   935 | D:2      | Reached skill level 4 in Transmutations
   935 | D:2      | Reached skill level 4 in Fire Magic
   935 | D:2      | Reached skill level 4 in Ice Magic
   935 | D:2      | Reached skill level 4 in Air Magic
   935 | D:2      | Reached skill level 4 in Earth Magic
   935 | D:2      | Reached skill level 4 in Poison Magic
   940 | D:2      | Killed Robin
  1111 | D:2      | Found a faded altar of an unknown god.
  1492 | D:3      | Reached XP level 5. HP: 33/35 MP: 0/0
  1492 | D:3      | Learned a level 2 spell: Ensorcelled Hibernation
  1594 | D:3      | Noticed Natasha
  1606 | D:3      | Killed Natasha
  1607 | D:3      | Reached skill level 5 in Spellcasting
  1607 | D:3      | Reached skill level 5 in Conjurations
  1607 | D:3      | Reached skill level 5 in Hexes
  1607 | D:3      | Reached skill level 5 in Summonings
  1607 | D:3      | Reached skill level 5 in Necromancy
  1607 | D:3      | Reached skill level 5 in Translocations
  1607 | D:3      | Reached skill level 5 in Transmutations
  1607 | D:3      | Reached skill level 5 in Fire Magic
  1607 | D:3      | Reached skill level 5 in Ice Magic
  1607 | D:3      | Reached skill level 5 in Air Magic
  1607 | D:3      | Reached skill level 5 in Earth Magic
  1607 | D:3      | Reached skill level 5 in Poison Magic
  1607 | D:3      | Reached XP level 6. HP: 36/40 MP: 0/0
  1644 | D:3      | Noticed Natasha
  1652 | D:3      | Killed Natasha
  1653 | D:3      | Reached skill level 1 in Fighting
  1729 | D:3      | Noticed Natasha
  1734 | D:3      | Killed Natasha
  1735 | D:3      | Reached skill level 2 in Fighting
  1999 | D:3      | Found a sacrificial altar of Ru.
  2022 | D:3      | Found Zammiath's Vocational Training.
  2387 | D:4      | Reached skill level 1 in Armour
  2467 | D:4      | Identified the +8 mace of Charmed Exoneration {flame, Will+
                  | Int+4 Dex+2}
  2599 | D:4      | Reached skill level 2 in Armour
  2602 | D:4      | Reached XP level 7. HP: 44/49 MP: 0/0
  2602 | D:4      | Learned a level 2 spell: Momentum Strike
  3156 | D:5      | Entered Level 5 of the Dungeon
  3172 | D:5      | Noticed a water moccasin
  3173 | D:5      | Reached skill level 3 in Armour
  3177 | D:5      | Killed a water moccasin
  3178 | D:5      | Reached skill level 4 in Armour
  3257 | D:5      | Reached skill level 3 in Fighting
  3283 | D:5      | Found a staircase to the Ecumenical Temple.
  3325 | Temple   | Entered the Ecumenical Temple
  3332 | Temple   | Became a worshipper of Ashenzari the Shackled
  3388 | D:5      | Noticed Sigmund
  3404 | D:5      | Killed Sigmund
  3405 | D:5      | Reached skill level 4 in Fighting
  3405 | D:5      | Reached XP level 8. HP: 58/58 MP: 0/0
  3701 | D:6      | Found a sand-covered staircase.
  3710 | Ossuary  | Entered an ossuary
  3730 | Ossuary  | Reached skill level 6 in Spellcasting
  3730 | Ossuary  | Reached skill level 6 in Conjurations
  3730 | Ossuary  | Reached skill level 6 in Hexes
  3730 | Ossuary  | Reached skill level 6 in Summonings
  3730 | Ossuary  | Reached skill level 6 in Necromancy
  3730 | Ossuary  | Reached skill level 6 in Translocations
  3730 | Ossuary  | Reached skill level 6 in Transmutations
  3730 | Ossuary  | Reached skill level 6 in Fire Magic
  3730 | Ossuary  | Reached skill level 6 in Ice Magic
  3730 | Ossuary  | Reached skill level 6 in Air Magic
  3730 | Ossuary  | Reached skill level 6 in Earth Magic
  3730 | Ossuary  | Reached skill level 6 in Poison Magic
  3847 | Ossuary  | Reached skill level 7 in Spellcasting
  3847 | Ossuary  | Reached skill level 7 in Conjurations
  3847 | Ossuary  | Reached skill level 7 in Hexes
  3847 | Ossuary  | Reached skill level 7 in Summonings
  3847 | Ossuary  | Reached skill level 7 in Necromancy
  3847 | Ossuary  | Reached skill level 7 in Translocations
  3847 | Ossuary  | Reached skill level 7 in Transmutations
  3847 | Ossuary  | Reached skill level 7 in Fire Magic
  3847 | Ossuary  | Reached skill level 7 in Ice Magic
  3847 | Ossuary  | Reached skill level 7 in Air Magic
  3847 | Ossuary  | Reached skill level 7 in Earth Magic
  3847 | Ossuary  | Reached skill level 7 in Poison Magic
  3847 | Ossuary  | Reached XP level 9. HP: 60/62 MP: 0/0
  3847 | Ossuary  | Learned a level 3 spell: Confusing Touch
  3869 | Ossuary  | Reached skill level 3 in Dodging
  3900 | Ossuary  | Reached skill level 4 in Dodging
  3932 | Ossuary  | Reached skill level 5 in Dodging
  4056 | Ossuary  | Reached skill level 5 in Fighting
  4293 | D:6      | Found a burning altar of Makhleb.
  4293 | D:6      | Found a blossoming altar of Fedhas.
  4631 | D:6      | Noticed Grinder
  4640 | D:6      | Killed Grinder
  4653 | D:6      | Reached skill level 8 in Spellcasting
  4653 | D:6      | Reached skill level 8 in Conjurations
  4653 | D:6      | Reached skill level 8 in Hexes
  4653 | D:6      | Reached skill level 8 in Summonings
  4653 | D:6      | Reached skill level 8 in Necromancy
  4653 | D:6      | Reached skill level 8 in Translocations
  4653 | D:6      | Reached skill level 8 in Transmutations
  4653 | D:6      | Reached skill level 8 in Fire Magic
  4653 | D:6      | Reached skill level 8 in Ice Magic
  4653 | D:6      | Reached skill level 8 in Air Magic
  4653 | D:6      | Reached skill level 8 in Earth Magic
  4653 | D:6      | Reached skill level 8 in Poison Magic
  4796 | D:6      | Reached * piety under Ashenzari
  4796 | D:6      | Identified 2 potions of resistance
  4796 | D:6      | Identified a scroll of acquirement
  4805 | D:6      | Acquired 1378 gold pieces
  4882 | D:7      | Found a runed translucent gate.
  4883 | D:7      | Found a runed translucent gate.
  4883 | D:7      | Found a runed translucent door.
  4889 | D:7      | Found a runed translucent gate.
  4902 | D:7      | Found a runed translucent door.
  4927 | D:7      | Reached XP level 10. HP: 66/70 MP: 0/0
  4944 | D:7      | Found a glowing silver altar of Zin.
  5004 | D:7      | Noticed Jeremiah
  5049 | D:7      | Killed Jeremiah
  5133 | D:7      | Reached skill level 9 in Spellcasting
  5133 | D:7      | Reached skill level 9 in Conjurations
  5133 | D:7      | Reached skill level 9 in Hexes
  5133 | D:7      | Reached skill level 9 in Summonings
  5133 | D:7      | Reached skill level 9 in Necromancy
  5133 | D:7      | Reached skill level 9 in Translocations
  5133 | D:7      | Reached skill level 9 in Transmutations
  5133 | D:7      | Reached skill level 9 in Fire Magic
  5133 | D:7      | Reached skill level 9 in Ice Magic
  5133 | D:7      | Reached skill level 9 in Air Magic
  5133 | D:7      | Reached skill level 9 in Earth Magic
  5133 | D:7      | Reached skill level 9 in Poison Magic
  5187 | D:7      | You are sucked into a shaft and drop 2 floors!
  5189 | D:9      | Noticed Fleche's ghost (journeyman TrFi)
  5193 | D:9      | Reached skill level 6 in Fighting
  5207 | D:9      | Found a transporter.
  5211 | D:9      | Found a transporter.
  5219 | D:9      | Noticed a two-headed ogre
  5231 | D:9      | Killed a two-headed ogre
  5232 | D:9      | Reached skill level 7 in Fighting
  5375 | D:8      | Reached ** piety under Ashenzari
  5480 | D:7      | Found the +9 staff of Olgreb {rPois∞}
  5712 | D:7      | Reached skill level 10 in Spellcasting
  5712 | D:7      | Reached skill level 10 in Conjurations
  5712 | D:7      | Reached skill level 10 in Hexes
  5712 | D:7      | Reached skill level 10 in Summonings
  5712 | D:7      | Reached skill level 10 in Necromancy
  5712 | D:7      | Reached skill level 10 in Translocations
  5712 | D:7      | Reached skill level 10 in Transmutations
  5712 | D:7      | Reached skill level 10 in Fire Magic
  5712 | D:7      | Reached skill level 10 in Ice Magic
  5712 | D:7      | Reached skill level 10 in Air Magic
  5712 | D:7      | Reached skill level 10 in Earth Magic
  5712 | D:7      | Reached skill level 10 in Poison Magic
  5712 | D:7      | Reached XP level 11. HP: 24/79 MP: 0/0
  5712 | D:7      | Learned a level 5 spell: Iskenderun's Battlesphere
  5838 | D:8      | Identified the Cyclopedia of the Charnel House
  5964 | D:8      | Reached *** piety under Ashenzari
  6141 | D:8      | Noticed Joseph
  6187 | D:8      | Reached skill level 11 in Spellcasting
  6187 | D:8      | Reached skill level 11 in Conjurations
  6187 | D:8      | Reached skill level 11 in Hexes
  6187 | D:8      | Reached skill level 11 in Summonings
  6187 | D:8      | Reached skill level 11 in Necromancy
  6187 | D:8      | Reached skill level 11 in Translocations
  6187 | D:8      | Reached skill level 11 in Transmutations
  6187 | D:8      | Reached skill level 11 in Fire Magic
  6187 | D:8      | Reached skill level 11 in Ice Magic
  6187 | D:8      | Reached skill level 11 in Air Magic
  6187 | D:8      | Reached skill level 11 in Earth Magic
  6187 | D:8      | Reached skill level 11 in Poison Magic
  6457 | D:8      | Killed Joseph
  6848 | D:9      | Identified the +1 ring mail of the Swamp {Rampage +Blink}
  6879 | D:9      | Reached skill level 5 in Armour
  6932 | D:9      | Found an ornate altar of the Wu Jian Council.
  7194 | D:9      | Found a staircase to the Orcish Mines.
  7373 | D:10     | Entered Level 10 of the Dungeon
  7412 | D:10     | Found a bloodstained altar of Trog.
  7413 | D:10     | Found a glowing golden altar of the Shining One.
  7448 | D:10     | Reached **** piety under Ashenzari
  7495 | D:10     | Found a staircase to the Lair.
  7614 | D:10     | Reached skill level 6 in Dodging
  7645 | D:10     | Noticed an orange crystal statue
  7903 | D:10     | Reached ***** piety under Ashenzari
  8040 | D:11     | Reached skill level 1 in Shields
  8103 | D:11     | Reached skill level 2 in Shields
  8116 | D:11     | Found a gate leading to a gauntlet.
  8124 | Gauntlet | Entered a Gauntlet
  8124 | Gauntlet | Found a transporter.
  8133 | Gauntlet | Found a transporter.
  8134 | Gauntlet | Noticed an occultist
  8137 | Gauntlet | Noticed an occultist
  8152 | Gauntlet | Found a transporter.
  8154 | Gauntlet | Found a transporter.
  8167 | Gauntlet | Identified the +11 rapier of the Reasonable God {freeze,
                  | rPois rCorr Str+3}
  8175 | Gauntlet | Found a transporter.
  8188 | Gauntlet | Found a transporter.
  8201 | Gauntlet | Found a transporter.
  8203 | Gauntlet | Identified the ring of Attitude {Ice rPois rN+++ Str-3
                  | Stlth-}
  8203 | Gauntlet | Noticed a ghost crab
  8228 | Gauntlet | Found a transporter.
  8228 | Gauntlet | Found a transporter.
  8228 | Gauntlet | Noticed a necromancer
  8230 | Gauntlet | Noticed a death yak
  8231 | Gauntlet | Noticed a death yak
  8232 | Gauntlet | Noticed a death yak
  8232 | Gauntlet | Noticed a death yak
  8234 | Gauntlet | Found a transporter.
  8256 | Gauntlet | Identified the +2 pair of gloves "Awid" {SInv}
  8267 | Gauntlet | Found a transporter.
  8267 | Gauntlet | Found a transporter.
  8312 | Gauntlet | Identified the ring of Suuta {*Slow rPois rN+ Dex+6}
  8337 | Gauntlet | Reached skill level 3 in Shields
  8346 | Gauntlet | Noticed a thrashing horror
  8358 | Gauntlet | Reached skill level 4 in Shields
  8375 | Gauntlet | Reached XP level 12. HP: 45/85 MP: 0/0
  8376 | Gauntlet | Reached skill level 5 in Shields
  8379 | Gauntlet | Reached skill level 6 in Shields
  8454 | Gauntlet | Identified the ring "Hakhasch" {Will+ rCorr Int+6}
  8454 | Gauntlet | Noticed a minotaur
  8464 | Gauntlet | Killed a minotaur
  8465 | Gauntlet | Reached skill level 7 in Shields
  8686 | D:11     | Noticed a soul eater
  8773 | D:11     | Noticed a skeletal warrior
  8773 | D:11     | Noticed a skeletal warrior
  8773 | D:11     | Noticed a skeletal warrior
  8902 | Lair:1   | Entered Level 1 of the Lair of Beasts
  8906 | Lair:1   | Reached skill level 8 in Shields
  8969 | Lair:1   | Reached skill level 9 in Shields
  9234 | Lair:1   | Reached skill level 10 in Shields
  9330 | Lair:1   | Identified the Parchment of Shifting Frostbite (You found
                  | it on level 2 of the Dungeon)
  9900 | Lair:2   | Reached XP level 13. HP: 85/90 MP: 0/0
  9900 | Lair:2   | Learned a level 5 spell: Agony
  9984 | Lair:2   | Reached skill level 11 in Shields
 10457 | Lair:2   | Found a staircase to the Shoals.
 10788 | Lair:3   | Reached skill level 12 in Spellcasting
 10788 | Lair:3   | Reached skill level 12 in Conjurations
 10788 | Lair:3   | Reached skill level 12 in Hexes
 10788 | Lair:3   | Reached skill level 12 in Summonings
 10788 | Lair:3   | Reached skill level 12 in Necromancy
 10788 | Lair:3   | Reached skill level 12 in Translocations
 10788 | Lair:3   | Reached skill level 12 in Transmutations
 10788 | Lair:3   | Reached skill level 12 in Fire Magic
 10788 | Lair:3   | Reached skill level 12 in Ice Magic
 10788 | Lair:3   | Reached skill level 12 in Air Magic
 10788 | Lair:3   | Reached skill level 12 in Earth Magic
 10788 | Lair:3   | Reached skill level 12 in Poison Magic
 10873 | Lair:3   | Found a staircase to the Snake Pit.
 11753 | Lair:4   | Reached skill level 13 in Spellcasting
 11753 | Lair:4   | Reached skill level 13 in Conjurations
 11753 | Lair:4   | Reached skill level 13 in Hexes
 11753 | Lair:4   | Reached skill level 13 in Summonings
 11753 | Lair:4   | Reached skill level 13 in Necromancy
 11753 | Lair:4   | Reached skill level 13 in Translocations
 11753 | Lair:4   | Reached skill level 13 in Transmutations
 11753 | Lair:4   | Reached skill level 13 in Fire Magic
 11753 | Lair:4   | Reached skill level 13 in Ice Magic
 11753 | Lair:4   | Reached skill level 13 in Air Magic
 11753 | Lair:4   | Reached skill level 13 in Earth Magic
 11753 | Lair:4   | Reached skill level 13 in Poison Magic
 11855 | Lair:4   | Reached XP level 14. HP: 80/96 MP: 0/0
 11970 | Lair:4   | Reached ****** piety under Ashenzari
 12068 | Lair:4   | Identified a scarf of resistance
 12085 | Lair:4   | Found a transporter.
 12149 | Lair:4   | Found a transporter.
 12151 | Lair:4   | Noticed Uhiteomo's ghost (journeyman MiCA)
 12462 | Lair:4   | Found a staircase to the Slime Pits.
 12462 | Lair:4   | Found a viscous altar of Jiyva.
 12539 | Lair:5   | Entered Level 5 of the Lair of Beasts
 12754 | Lair:5   | Reached skill level 14 in Spellcasting
 12754 | Lair:5   | Reached skill level 14 in Conjurations
 12754 | Lair:5   | Reached skill level 14 in Hexes
 12754 | Lair:5   | Reached skill level 14 in Summonings
 12754 | Lair:5   | Reached skill level 14 in Necromancy
 12754 | Lair:5   | Reached skill level 14 in Translocations
 12754 | Lair:5   | Reached skill level 14 in Transmutations
 12754 | Lair:5   | Reached skill level 14 in Fire Magic
 12754 | Lair:5   | Reached skill level 14 in Ice Magic
 12754 | Lair:5   | Reached skill level 14 in Air Magic
 12754 | Lair:5   | Reached skill level 14 in Earth Magic
 12754 | Lair:5   | Reached skill level 14 in Poison Magic
 13347 | Lair:5   | Reached skill level 15 in Spellcasting
 13347 | Lair:5   | Reached skill level 15 in Conjurations
 13347 | Lair:5   | Reached skill level 15 in Hexes
 13347 | Lair:5   | Reached skill level 15 in Summonings
 13347 | Lair:5   | Reached skill level 15 in Necromancy
 13347 | Lair:5   | Reached skill level 15 in Translocations
 13347 | Lair:5   | Reached skill level 15 in Transmutations
 13347 | Lair:5   | Reached skill level 15 in Fire Magic
 13347 | Lair:5   | Reached skill level 15 in Ice Magic
 13347 | Lair:5   | Reached skill level 15 in Air Magic
 13347 | Lair:5   | Reached skill level 15 in Earth Magic
 13347 | Lair:5   | Reached skill level 15 in Poison Magic
 13458 | Lair:5   | Reached XP level 15. HP: 96/103 MP: 0/0
 13458 | Lair:5   | Learned a level 6 spell: Conjure Ball Lightning
 13467 | Lair:5   | Reached skill level 8 in Fighting
 14534 | Orc:1    | Entered Level 1 of the Orcish Mines
 14669 | Orc:1    | Reached skill level 9 in Fighting
 15094 | Orc:2    | Entered Level 2 of the Orcish Mines
 15184 | Orc:2    | Reached skill level 10 in Fighting
 15217 | Orc:2    | Found a dark tunnel.
 15278 | Volcano  | Entered a volcano
 15365 | Orc:2    | Found Dabrit's Book Shop.
 15541 | Orc:2    | Found a staircase to the Elven Halls.
 15978 | Orc:2    | Reached skill level 11 in Fighting
 16057 | Orc:2    | Identified a +1 robe of resistance
 16159 | Orc:2    | Found Huomn's Jewellery Shoppe.
 16159 | Orc:2    | Found Doyr's Armour Boutique.
 16161 | Orc:2    | Found Dyabizo's Assorted Antiques.
 16161 | Orc:2    | Found Kipaen's Jewellery Boutique.
 16170 | Orc:2    | Bought a potion of heal wounds for 145 gold pieces
 16173 | Orc:2    | Bought a +4 scale mail of cold resistance for 434 gold
                  | pieces
 16578 | D:12     | Identified the +1 quarterstaff of Dithmenos {speed, Will+
                  | SInv}
 16799 | D:12     | Reached skill level 12 in Fighting
 16860 | D:12     | Reached skill level 6 in Armour
 17308 | D:13     | Found a flickering gateway to a bazaar.
 17314 | Bazaar   | Entered a bazaar
 17315 | Bazaar   | Found Ytunotad's Armour Shop.
 17315 | Bazaar   | Found Gixzae's Distillery.
 17316 | Bazaar   | Found Doegrophe's Book Emporium.
 17347 | Bazaar   | Found Qocvyjew's Distillery.
 17356 | Bazaar   | Bought a potion of heal wounds for 75 gold pieces
 17356 | Bazaar   | Bought a potion of mutation for 120 gold pieces
 17356 | Bazaar   | Bought a potion of haste for 150 gold pieces
 17356 | Bazaar   | Bought a potion of heal wounds for 75 gold pieces
 17367 | Bazaar   | Upgraded the game from 0.31-a0-1206-g41278d8d1d to
                  | 0.31-a0-1227-g0136665373
 17379 | Bazaar   | Bought a potion of brilliance for 60 gold pieces
 17379 | Bazaar   | Bought a potion of brilliance for 60 gold pieces
 17379 | Bazaar   | Bought a potion of cancellation for 120 gold pieces
 17379 | Bazaar   | Bought a potion of invisibility for 120 gold pieces
 17379 | Bazaar   | Bought a potion of mutation for 120 gold pieces
 17379 | Bazaar   | Bought a potion of heal wounds for 75 gold pieces
 17403 | Bazaar   | Bought the +0 cloak "Osabifu" {Str+6} for 216 gold pieces
 17403 | Bazaar   | Bought a scarf of resistance for 288 gold pieces
 17867 | D:13     | Found a gate to the Vaults.
 18303 | D:13     | Noticed Frances
 18303 | D:13     | Found a basalt altar of Yredelemnul.
 18309 | D:13     | Reached XP level 16. HP: 91/118 MP: 0/0
 18314 | D:13     | Killed Frances
 18314 | D:13     | HP: 10/118 [spore (33)]
 18761 | D:14     | Noticed Rupert
 19123 | D:14     | Killed by an exploding ball lightning

Vanquished Creatures
  Frances (D:13)
  A minotaur (Gauntlet)
  An ice dragon (Lair:5)
  A rakshasa (D:13)
  4 hydras
  2 boulder beetles
  An ogre mage (Orc:2)
  5 centaur warriors
  2 dancing weapons (D:13)
  2 two-headed ogres
  3 orc high priests (Orc:2)
  A skyshark (Lair:2)
  A skeletal warrior (D:11)
  2 lindwurms (Lair:5)
  6 orc knights
  A deep elf pyromancer (D:14)
  2 wolf spider zombies (D:13)
  A cyclops (D:14)
  2 wolf spiders (Lair:5)
  2 manticores (D:13)
  2 ugly things (D:12)
  5 orc sorcerers
  8 black mambas
  Joseph (D:8)
  A guardian serpent (Lair:5)
  20 elephants
  A gargoyle (D:11)
  16 cane toads
  2 kobold blastminers (Orc:2)
  Jeremiah (D:7)
  3 unseen horrors
  5 torpor snails (Lair:5)
  4 rime drakes
  4 komodo dragons
  2 kobold demonologists
  3 red devils (Orc:2)
  5 trolls
  3 tyrant leeches (Lair:5)
  11 hornets
  Grinder (D:6)
  3 polar bears
  14 blink frogs
  A meliai zombie (D:13)
  Sigmund (D:5)
  2 vampires
  13 flying skulls (Gauntlet)
  4 slime creatures (D:13)
  2 wraiths
  16 wyverns
  4 basilisks
  6 shadows
  41 yaks
  2 steam dragons
  5 redbacks
  5 nagas (Lair:3)
  2 acid dragons (D:8)
  17 water moccasins
  A hornet zombie (Ossuary)
  2 ice beasts
  20 orc warriors
  2 ogres (Orc:1)
  2 sky beasts
  A black bear (D:6)
  10 wolves
  17 centaurs
  15 bullfrogs
  8 scorpions
  2 wyvern zombies (Ossuary)
  3 water moccasin zombies (Ossuary)
  5 wights (D:8)
  10 killer bees (D:7)
  2 howler monkeys
  An electric eel (D:10)
  10 centaur zombies
  6 bullfrog zombies (Ossuary)
  A jelly (D:8)
  6 hounds
  21 orc priests
  13 mummies (Ossuary)
  2 iguanas (D:5)
  2 boggart zombies (D:13)
  2 sleepcaps (D:6)
  Natasha (thrice) (D:3)
  19 orc wizards
  4 hell rats (Lair:2)
  A killer bee zombie (Ossuary)
  2 howler monkey zombies (Ossuary)
  Robin (D:2)
  11 adders
  3 gnolls (D:5)
  A white imp (D:7)
  4 worms
  2 dart slugs
  72 orcs
  5 bats
  12 endoplasms
  4 giant cockroaches
  7 hobgoblins
  4 kobolds
  3 quokkas
  8 ball pythons
  6 frilled lizards
  12 goblins
  4 rats
629 creatures vanquished.

Vanquished Creatures (collateral kills)
  12 ball lightnings
  29 foxfires
41 creatures vanquished.

Vanquished Creatures (others)
  A blink frog (Lair:4)
  An orc priest (Orc:2)
  An orc wizard (Orc:2)
  An orc (Orc:2)
  168 ball lightnings
  1431 foxfires
1603 creatures vanquished.

Grand Total: 2273 creatures vanquished

Table legend: (Time is in decaauts)
 A = Elapsed time spent in this place.
 B = Non-inter-level travel time spent in this place.
 C = Inter-level travel time spent in this place.
 D = Time resting spent in this place.
 E = Time spent auto-exploring this place.
 F = Levels seen in this place.
 G = Mean time per level.
                   A        B        C        D        E       F      G
               +--------+--------+--------+--------+--------+-----+--------+
         Total |  19141 |  18129 |   1012 |   1135 |  12795 |  26 |  736.2 |
       Dungeon |  10900 |  10159 |    741 |    568 |   7489 |  14 |  778.6 |
        Temple |     14 |      7 |      7 |      0 |      0 |   1 |   14.0 |
          Lair |   5537 |   5331 |    206 |    133 |   3970 |   5 | 1107.4 |
  Orcish Mines |   1777 |   1720 |     57 |    309 |    955 |   2 |  888.5 |
        Bazaar |     96 |     96 |      0 |      0 |     36 |   1 |   96.0 |
       Ossuary |    421 |    421 |      0 |     43 |    204 |   1 |  421.0 |
       Volcano |      6 |      6 |      0 |      0 |      0 |   1 |    6.0 |
      Gauntlet |    386 |    386 |      0 |     82 |    141 |   1 |  386.0 |
               +--------+--------+--------+--------+--------+-----+--------+

Top non-repeatable levels by time:
  Lair:5: 1817 daAuts
    D:13: 1570 daAuts
   Orc:2: 1213 daAuts
     D:8: 1073 daAuts
     D:4: 1063 daAuts
  Lair:3: 1042 daAuts
  Lair:1: 1004 daAuts
  Lair:2: 899 daAuts
     D:9: 874 daAuts
  Lair:4: 773 daAuts
     D:7: 772 daAuts
     D:2: 771 daAuts
     D:6: 739 daAuts
    D:10: 729 daAuts
    D:12: 705 daAuts

Table legend:
 A = Non-vault XP
 B = Vault XP
 C = Vault XP percentage of total XP
 D = Non-vault monster count
 E = Vault monster count
 F = Vault count percentage of total count
                 A         B        C        D         E       F
            +---------+---------+-------+---------+---------+-------
      Total |   69243 |   47601 |  40.7 |     405 |     225 |  35.7
            +---------+---------+-------+---------+---------+-------
        D:1 |      37 |       0 |   0.0 |      23 |       0 |   0.0
        D:2 |      48 |      39 |  44.8 |      12 |      13 |  52.0
        D:3 |     227 |      35 |  13.4 |      26 |       1 |   3.7
        D:4 |     188 |       0 |   0.0 |      21 |       0 |   0.0
        D:5 |     488 |     226 |  31.7 |      16 |       1 |   5.9
        D:6 |     858 |     267 |  23.7 |      18 |       1 |   5.3
        D:7 |     565 |    2458 |  81.3 |      14 |      27 |  65.9
        D:8 |    2378 |     460 |  16.2 |      28 |       1 |   3.4
        D:9 |    1902 |     362 |  16.0 |      15 |      17 |  53.1
       D:10 |    1395 |       0 |   0.0 |       9 |       0 |   0.0
       D:11 |    2607 |       0 |   0.0 |      10 |       0 |   0.0
       D:12 |    3825 |       0 |   0.0 |      14 |       0 |   0.0
       D:13 |    8191 |    8165 |  49.9 |      24 |      16 |  40.0
       D:14 |    3024 |       0 |   0.0 |       5 |       0 |   0.0
     Lair:1 |    6510 |       0 |   0.0 |      24 |       0 |   0.0
     Lair:2 |    7856 |       0 |   0.0 |      29 |       0 |   0.0
     Lair:3 |    9884 |     795 |   7.4 |      33 |       5 |  13.2
     Lair:4 |    3315 |    1348 |  28.9 |      11 |       6 |  35.3
     Lair:5 |   10265 |   17766 |  63.4 |      31 |      57 |  64.8
      Orc:1 |    1952 |       0 |   0.0 |      17 |       0 |   0.0
      Orc:2 |    3728 |    9294 |  71.4 |      25 |      31 |  55.4
    Ossuary |       0 |    1377 | 100.0 |       0 |      30 | 100.0
   Gauntlet |       0 |    5009 | 100.0 |       0 |      19 | 100.0
            +---------+---------+-------+---------+---------+-------
